 Dungeon Crawl Stone Soup version 0.20.1-1-g8b1a95d (webtiles) character file.

184 iiro the Digger (level 5, -2/28 HPs)
             Began as a Gargoyle Earth Elementalist on July 25, 2017.
             Slain by an orc wizard
             ... wielding a +0 dagger
              (3 damage)
             ... on level 3 of the Dungeon.
             The game lasted 00:09:04 (3120 turns).

iiro the Digger (Gargoyle Earth Elementalist)       Turns: 3120, Time: 00:09:05

Health: -2/28      AC:  6    Str: 11    XL:     5   Next: 63%
Magic:  8/8        EV: 12    Int: 22    God:
Gold:   169        SH:  0    Dex:  8    Spells: 4/8 levels left

rFire    . . .     SeeInvis .   w - +0 hand axe
rCold    . . .     Gourm    .   (no shield)
rNeg     + . .     Faith    .   c - +0 robe
rPois    ∞         Spirit   .   (no helmet)
rElec    +         Reflect  .   (no cloak)
rCorr    .         Harm     .   (no gloves)
MR       .....                  (no boots)
Stlth    ++........             (no amulet)
Regen    0.1/turn               (no ring)
MPRegen  0.2/turn               (no ring)

@: brilliant
A: claws 1, clumsy 1, negative energy resistance 1, electricity resistance,
unbreathing, petrification resistance, rot immunity, AC +4
a: no special abilities


You were on level 3 of the Dungeon.
You were not hungry.

You visited 1 branch of the dungeon, and saw 4 of its levels.

You collected 169 gold pieces.

Inventory:

Hand Weapons
 w - a +0 hand axe (weapon)
Missiles
 b - 82 stones (quivered)
Armour
 c - a +0 robe (worn)
Jewellery
 v - a +3 ring of protection {unknown}
Wands
 u - a wand of flame (28/48)
Scrolls
 f - a scroll of remove curse {unknown}
 g - 2 scrolls of fear {unknown}
 h - 7 scrolls of identify {unknown}
 k - 2 scrolls of blinking {unknown}
 m - a scroll of fog {unknown}
 n - 2 scrolls of immolation {unknown}
 p - 2 scrolls of magic mapping {unknown}
 r - 2 scrolls of amnesia {unknown}
Potions
 i - a potion of mutation
 j - a potion of berserk rage {unknown}
 l - 3 potions of heal wounds {unknown}
 o - a potion of magic {unknown}
 q - 2 potions of invisibility {unknown}
 s - a potion of cancellation {unknown}
 t - 2 potions of degeneration {unknown}
Books
 e - a book of Geomancy

   Spells                             Type                      Level
   a - Sandblast                      Earth                        1
   b - Passwall                       Transmutation/Earth          2
   c - Stone Arrow                    Conjuration/Earth            3
   d - Petrify                        Transmutation/Earth          4
   e - Lee's Rapid Deconstruction     Earth                        5
Comestibles
 d - 3 bread rations
 x - 4 meat rations


   Skills:
 - Level 0.9 Fighting
 - Level 1.5 Dodging
 - Level 2.1 Stealth
 - Level 0.4 Unarmed Combat
 - Level 2.0 Spellcasting
   Level 0.7 Transmutations
 + Level 7.2 Earth Magic


You had 4 spell levels left.
You knew the following spells:

 Your Spells              Type           Power        Failure   Level  Hunger
a - Sandblast             Erth           #####.       1%          1    #......
b - Stone Arrow           Conj/Erth      ####..       1%          3    ###....


Dungeon Overview and Level Annotations

Branches:
Dungeon (4/15)
 Temple: D:4-7

Altars:
Gozag
Hepliaklqana


Innate Abilities, Weirdness & Mutations

You are resistant to torment.
Your stone body is resilient. (AC +4)
You are immune to poison.
You resist negative energy. (rN+)
You are resistant to electric shocks. (rElec)
You can survive without breathing.
You are immune to petrification.
You are immune to rotting.
You have sharp fingernails.
You are clumsy. (Dex -2)


Message History

Casting: Sandblast
Confirm with . or Enter, or press ? or * to list all spells.
You don't know that spell.
You hit something. You hit the howler monkey. You closely miss the orc.
The howler monkey hits you but does no damage.
The orc hits you but does no damage. Something hits you.
* * * LOW HITPOINT WARNING * * *
The howler monkey hoots and howls with incredible vigour!
It was a potion of brilliance.
You feel clever all of a sudden. The orc hits you but does no damage.
The howler monkey hoots and howls with incredible vigour!
Something hits you.
* * * LOW HITPOINT WARNING * * *
It was a potion of mutation.
You feel extremely strange.
You feel clumsy.
Your fingernails lengthen.
The orc closely misses you.
The howler monkey completely misses you.
Something hits you.
You die...

.#.....##...#..########.#
.#.....######...# #.#
.#.#.....# ##..# #.# .#'#.....#
#..# #.# .....(...#####..#####
#.# ........#...........# #.#
........#...........# #.#
.......[#........{..###.#####
........#.......@...........#
........#......o.h..##.####.#
#.......#...........##.# #.#
#.......##############.# #.#
#.......# #.# #.# #.......#
#######.# #.# ##'######
#.......# #.# ##.# #.#######
#.#
##.#############.##########.###


You could see a howler monkey and an orc.

Vanquished Creatures
  A scorpion (D:3)
  8 adders
  2 worms
  2 dart slugs (D:1)
  2 leopard geckos
  An orc (D:3)
  2 giant cockroaches (D:3)
  7 goblins
  8 hobgoblins
  2 jackals (D:3)
  A quokka (D:3)
  5 bats
  5 frilled lizards
  5 kobolds
  8 rats
59 creatures vanquished.

Notes
Turn   | Place    | Note
-------+----------+-------------------------------------------
     0 | D:1      | iiro the Gargoyle Earth Elementalist began the quest for the Orb.
     0 | D:1      | Reached XP level 1. HP: 10/10 MP: 3/3
    36 | D:1      | Reached skill level 4 in Earth Magic
    97 | D:1      | Reached XP level 2. HP: 15/15 MP: 1/5
   791 | D:2      | Found an opulent altar of Gozag.
   872 | D:2      | Reached skill level 5 in Earth Magic
   872 | D:2      | Reached XP level 3. HP: 17/19 MP: 4/6
   879 | D:2      | Learned a level 3 spell: Stone Arrow
  1089 | D:2      | Reached XP level 4. HP: 22/24 MP: 0/7
  1877 | D:3      | Reached skill level 6 in Earth Magic
  1897 | D:3      | Reached XP level 5. HP: 15/28 MP: 6/8
  2507 | D:3      | Reached skill level 7 in Earth Magic
  2514 | D:3      | Found a hazy altar of Hepliaklqana.
  3119 | D:3      | HP: 1/28 [something (1)]
  3120 | D:3      | Gained mutation: You are clumsy. (Dex -2) [potion of mutation]
  3120 | D:3      | Gained mutation: You have sharp fingernails. [potion of mutation]
  3120 | D:3      | Slain by an orc wizard

Skill      XL: |  1  2  3  4  5 |
---------------+----------------+-----
Earth Magic    | 4 5 6 7 |  7.2
Fighting       | |  0.9
Dodging        | |  1.5
Stealth        | |  2.1
Unarmed Combat | |  0.4
Spellcasting   | |  2.0
Transmutations | |  0.7

Action                   |  1- 3 |  4- 6 || total
-------------------------+-------+-------++-------
Melee: Unarmed           |    26 |    47 ||    73
       Hand axe          |       |   117 ||   117
 Cast: Sandblast         |    35 |    18 ||    53
  Use: Potion            |       |     2 ||     2
 Stab: Sleeping          |       |     2 ||     2
  Eat: Chunk             |     1 |     7 ||     8
Armor: Robe              |    11 |    74 ||    85
Dodge: Dodged            |    24 |   159 ||   183
